 Dungeon Crawl Stone Soup version 0.32-a0-576-g706899e69d (webtiles) character file.

Game seed: 5261292639026691101

732 BeKind the Covered (level 7, 0/90 HPs)
             Began as a Demigod Fighter on Mar 1, 2024.
             Succumbed to an orc wizard's poison
             ... on level 5 of the Dungeon.
             The game lasted 00:04:22 (3843 turns).

BeKind the Covered (Demigod Fighter)                Turns: 3843, Time: 00:04:22

Health: 0/90       AC: 23    Str: 21    XL:     7   Next: 21%
Magic:  18/18      EV:  2    Int: 12    God:
Gold:   159        SH:  0    Dex: 17    Spells: 6/6 levels left

rFire   + . .        k - +4 short sword of Piaptix {chaos, rF+ Int+2}
rCold   . . .        c - +0 buckler
rNeg    . . .        b - melded +0 scale mail
rPois   +            (helmet currently unavailable)
rElec   .            (cloak currently unavailable)
rCorr   +            (gloves currently unavailable)
SInv    .            (boots currently unavailable)
Will    .....        (no amulet)
Stlth   +            p - ring of magical power
HPRegen 0.35/turn    r - ring of resist corrosion
MPRegen 0.16/turn

%: no passive effects
@: confused, lethally poisoned (0 -> -11), tree-form (expiring)
A: stationary, stasis, torment immunity, boosted hp, high MP 1, forlorn, divine
attributes
a: no special abilities


You were on level 5 of the Dungeon.
You were a tree.
You visited 1 branch of the dungeon, and saw 5 of its levels.

You collected 159 gold pieces.

Inventory:

Hand Weapons
 a - a +0 trident
 k - the +4 short sword of Piaptix (weapon) {chaos, rF+ Int+2}
   (You found it on level 2 of the Dungeon)

   Int+2:     It affects your intelligence (+2).
   rF+:       It protects you from fire.
Armour
 b - a +0 scale mail (melded)
 c - a +0 buckler (worn)
Jewellery
 m - a ring of positive energy
 p - a ring of magical power (left branch)
 r - a ring of resist corrosion (right branch)
Wands
 q - a wand of iceblast (11)
Scrolls
 d - a scroll of blinking {unknown}
 e - a scroll of noise {unknown}
 f - a scroll of revelation {unknown}
 g - 7 scrolls of identify {unknown}
 h - 2 scrolls of silence {unknown}
 j - 2 scrolls of poison {unknown}
 u - a scroll of teleportation {unknown}
 v - a scroll of butterflies {unknown}
Potions
 i - 2 potions of cancellation {unknown}
 l - a potion of lignification
 n - 3 potions of invisibility {unknown}
 o - 2 potions of attraction {unknown}
 s - a potion of enlightenment {unknown}
 t - a potion of haste {unknown}


   Skills:
 + Level 4.5 Fighting
 + Level 3.2 Short Blades
 - Level 2.2 Polearms
 + Level 4.6 Armour
 + Level 4.5 Shields


You had 6 spell levels left.
You didn't know any spells.
Your spell library contained the following spells:

 Spells                   Type           Power      Damage    Failure   Level
 Inner Flame              Hex/Fire       0%         N/A       77%         3
 Irradiate                Conj/Alch      0%         3d11      100%        5
 Ignition                 Fire           0%         3d3       100%        8


Dungeon Overview and Level Annotations

Branches:
Dungeon (5/15)
 Temple: D:4-7


Innate Abilities, Weirdness & Mutations

You are a tree.
Your roots penetrate the ground, keeping you stationary.
You cannot be teleported.
You are immune to unholy pain and torment.
Your maximum health is greatly increased.
Your equipment is partially melded.
You have an increased reservoir of magic. (+10% MP)
You shall have no god before yourself.
Your divine heritage dramatically boosts your attributes as you level up.


Message History

You are more poisoned.
Hit: k) +4 short sword of Piaptix {chaos, rF+ Int+2}
Press: ? - help, Dir - move target You miss something.
You feel very sick. Something hits you but does no damage.
Hit: k) +4 short sword of Piaptix {chaos, rF+ Int+2}
Press: ? - help, Dir - move target You barely miss something.
You feel very sick.
Hit: k) +4 short sword of Piaptix {chaos, rF+ Int+2}
Press: ? - help, Dir - move target You closely miss something.
You feel sick.
You hear some strange, mumbled words.
You are confused.
Confused hit: k) +4 short sword of Piaptix {chaos, rF+ Int+2}
Press: ? - help, Dir - move target You barely miss something.
You feel sick.
You hear some strange, mumbled words.
A magic dart appears from out of thin air!
The magic dart hits you!
* * * LOW HITPOINT WARNING * * *
You attack the rock wall.
* * * LOW HITPOINT WARNING * * *
You feel sick. Something hits you but does no damage.
You cannot move. (Use ctrl+direction or * direction to attack while stationary and confused.)
You swing at nothing.
Your transformation is almost over.
You feel sick. Something hits you but does no damage.
You are lethally poisoned!
You cannot move. (Use ctrl+direction or * direction to attack while stationary and confused.)
You cannot move. (Use ctrl+direction or * direction to attack while stationary and confused.)
You cannot move. (Use ctrl+direction or * direction to attack while stationary and confused.)
You cannot move. (Use ctrl+direction or * direction to attack while stationary and confused.)
You nearly hit yourself!
* * * LOW HITPOINT WARNING * * *
You feel very sick. Something hits you but does no damage.
You attack the rock wall.
You die...

#.#.. ....
....#.#.
..#...#
.....
#.####...#
#......†.#
#...#
##{##
###♣#
##.#.###
##......#
##.......#
#.<......#
##.......#
##......#
.......#
..........


There were no monsters in sight!

Vanquished Creatures
  Grinder (D:3)
  An ogre (D:5)
  2 scorpions
  A howler monkey (D:3)
  A bombardier beetle (D:4)
  An orc priest (D:5)
  A hound (D:4)
  A sleepcap (D:4)
  Terence (D:3)
  An orc wizard (D:5)
  A gnoll (D:4)
  5 adders
  2 dart slugs
  2 orcs (D:5)
  5 bats
  8 endoplasms
  4 giant cockroaches
  4 goblins
  10 hobgoblins
  2 jackals (D:2)
  11 kobolds
  6 quokkas
  9 ball pythons
  3 frilled lizards
  7 rats
90 creatures vanquished.

Notes
Turn   | Place    | Note
-------+----------+-------------------------------------------
     0 | D:1      | BeKind the Demigod Fighter began the quest for the Orb.
     0 | D:1      | Reached XP level 1. HP: 18/18 MP: 3/3
   201 | D:1      | Reached XP level 2. HP: 25/25 MP: 4/4
   976 | D:2      | Reached XP level 3. HP: 26/31 MP: 5/5
  1069 | D:2      | Identified the +4 short sword of Piaptix {chaos, rF+ Int+2}
  1595 | D:2      | You fall into a shaft and drop 2 floors!
  1634 | D:4      | Reached skill level 1 in Short Blades
  1634 | D:4      | Reached XP level 4. HP: 34/38 MP: 6/6
  1665 | D:3      | Noticed Terence
  1675 | D:3      | Killed Terence
  1818 | D:3      | Reached XP level 5. HP: 45/45 MP: 7/7
  1827 | D:3      | Noticed Grinder
  1829 | D:3      | Paralysed by Grinder for 5 turns
  1839 | D:3      | Paralysed by Grinder for 2 turns
  1843 | D:3      | Killed Grinder
  1844 | D:3      | Reached XP level 6. HP: 43/52 MP: 8/8
  3776 | D:5      | Entered Level 5 of the Dungeon
  3807 | D:5      | Reached XP level 7. HP: 32/60 MP: 9/9
  3842 | D:5      | HP: 2/90 [poisoned by an orc wizard]
  3843 | D:5      | Succumbed to an orc wizard's poison

Illustrated notes

Levels and vault maps discovered:
D:1:      minmay_arrival_jagged, layout_loops_ring, minmay_strange_pillars,
          minmay_statues_item, serial_bayou_pond_e
D:2:      layout_basic, chequers_decorated_corner, chequers_garden,
          chequers_serial_rivers_room_b, mrwooster_statue_mirror,
          chequers_serial_rivers_small_b
D:3:      layout_loops_ring, mainiacjoe_overflow_boulevard,
          nicolae_ru_path_of_blood, hellmonk_ecumenical_altar_zigzags,
          minivault_5, minmay_cut_off, uniq_terence, uniq_grinder
D:4:      layout_cave_pods, elyvilon_altar_3, serial_column_ruins,
          column_ruins_pillar_7, column_ruins_pillar_7, column_ruins_pillar_8,
          column_ruins_pillar_1, column_ruins_pillar_4, column_ruins_pillar_5,
          column_ruins_pillar_2, column_ruins_pillar_1, column_ruins_pillar_2,
          column_ruins_pillar_5, column_ruins_pillar_1, column_ruins_pillar_1,
          column_ruins_pillar_7, column_ruins_pillar_9, column_ruins_pillar_1,
          column_ruins_pillar_6, column_ruins_pillar_1, column_ruins_pillar_2,
          chequers_serial_rivers_micro_b, kennysheep_minor_cross, st_stairs_1
D:5:      layout_loops_corners, minmay_temple_entry_mini_moons, serial_shops,
          nicolae_shop_waterfront

Skill      XL: |  1  2  3  4  5  6  7 |
---------------+----------------------+-----
Polearms       | 2 |  2.2
Fighting       | 3 4 |  4.5
Shields        | 3 4 |  4.5
Armour         | 3 4 |  4.6
Short Blades   | 1 2 3 |  3.2

Action                     |  1- 3 |  4- 6 |  7- 9 || total
---------------------------+-------+-------+-------++-------
  Melee: Trident           |    93 |       |       ||    93
         Short sword       |    49 |   135 |    32 ||   216
    Use: Potion            |       |     2 |       ||     2
   Stab: Confused          |     3 |     1 |       ||     4
 Armour: Scale mail        |    70 |    58 |       ||   128
         Skin              |       |     7 |    19 ||    26
  Dodge: Dodged            |    56 |    47 |     3 ||   106
  Block: Buckler           |    25 |    25 |     1 ||    51

Table legend: (Time is in decaauts)
 A = Elapsed time spent in this place.
 B = Non-inter-level travel time spent in this place.
 C = Inter-level travel time spent in this place.
 D = Time resting spent in this place.
 E = Time spent auto-exploring this place.
 F = Levels seen in this place.
 G = Mean time per level.
                   A        B        C        D        E       F      G
               +--------+--------+--------+--------+--------+-----+--------+
         Total |   3859 |   3586 |    273 |      0 |   2971 |   5 |  771.8 |
       Dungeon |   3859 |   3586 |    273 |      0 |   2971 |   5 |  771.8 |
               +--------+--------+--------+--------+--------+-----+--------+

Top non-repeatable levels by time:
     D:3: 1100 daAuts
     D:2: 1047 daAuts
     D:4: 852 daAuts
     D:1: 798 daAuts
     D:5: 59 daAuts
